 Dungeon Crawl Stone Soup version 0.18.1-48-g4cf74bf (webtiles) character file.

96 Gargoyl the Covered (level 4, -1/35 HPs)
             Began as a Demonspawn Abyssal Knight on Sept 6, 2016.
             Was a Believer of Lugonu.
             Slain by Crazy Yiuf
             ... wielding a +4 quarterstaff of chaos
              (4 damage)
             ... on level 2 of the Dungeon.
             The game lasted 00:03:57 (2554 turns).

Gargoyl the Covered (Demonspawn Abyssal Knight)     Turns: 2554, Time: 00:03:58

Health: -1/35      AC: 11    Str: 14    XL:     4   Next: 41%
Magic:  14/14      EV:  4    Int: 13    God:    Lugonu [**....]
Gold:   96         SH:  0    Dex: 12    Spells: 0 memorised, 3 levels left

rFire  . . .     SeeInvis .     a - +1 hand axe
rCold  . . .     Gourm    .     l - +0 plate armour
rNeg   . . .     Faith    .     (no shield)
rPois  .         Spirit   .     (no helmet)
rElec  +         Dismiss  .     (no cloak)
rCorr  .         Reflect  .     (no gloves)
SustAt .         Harm     .     (no boots)
MR     .....                    (no amulet)
Stlth  ..........               (no ring)
                                e - ring of magical power

@: lethally poisoned (-1 -> -7), very slightly contaminated, hasted, very quick,
not resistant to hostile enchantments, extremely unstealthy
A: talons 1, electricity resistance
a: Depart the Abyss, Bend Space, Renounce Religion


You were on level 2 of the Dungeon.
You worshipped Lugonu.
Lugonu was pleased with you.
You were not hungry.

You visited 1 branch of the dungeon, and saw 2 of its levels.
You visited the Abyss 1 time.

You collected 96 gold pieces.

Inventory:

Hand Weapons
 a - a +1 hand axe (weapon)
Armour
 l - a +0 plate armour (worn)
Jewellery
 e - a ring of magical power (left hand)
Scrolls
 h - a scroll of remove curse {unknown}
 i - a scroll of enchant weapon {unknown}
 k - 2 scrolls of identify {unknown}
 m - a scroll of teleportation {unknown}
Potions
 f - a potion of curing
 j - a potion of heal wounds
Comestibles
 b - a meat ration
 c - 2 bread rations
 g - a beef jerky


   Skills:
 + Level 3.2 Fighting
 + Level 2.3 Axes
 * Level 3.3 Armour
 + Level 1.7 Dodging
 + Level 2.6 Invocations


You had 3 spell levels left.
You didn't know any spells.

Dungeon Overview and Level Annotations

Branches:
Dungeon (2/15)

Altars:

Annotations:
D:2 Crazy Yiuf


Innate Abilities, Weirdness & Mutations

You have sharp toenails.
You are resistant to electric shocks.


Message History

Crazy Yiuf hits you with a quarterstaff of chaos.
You feel yourself speed up.
You are very lightly contaminated with residual magic.
You barely miss Crazy Yiuf. You claw Crazy Yiuf, but do no damage.
Crazy Yiuf says, "Tosser agre foot!"
Crazy Yiuf hits you with a quarterstaff of chaos.
You are poisoned.
You barely miss Crazy Yiuf. You claw Crazy Yiuf.
Crazy Yiuf is lightly wounded.
You feel sick.
You closely miss Crazy Yiuf. You claw Crazy Yiuf, but do no damage.
Crazy Yiuf is lightly wounded.
You feel sick.
Crazy Yiuf hits you with a quarterstaff of chaos.
You closely miss Crazy Yiuf. Your kick misses Crazy Yiuf.
Crazy Yiuf is lightly wounded.
Crazy Yiuf hits you with a quarterstaff of chaos!
* * * LOW HITPOINT WARNING * * *
Crazy Yiuf burns you.
You die...

....###........##.......)#.#....#
....##..#......##.#..#..##...##..
....##.######..[..#..........###.
######.# ### #########..# #. #.#
##.###. #.###♣♣♣♣♣ ##....##
##.#....♣.♣♣♣ ### #..##...
#####........♣..♣#...# ###.##...#
#...........♣♣♣♣@g...# #......#..
#.....#....♣♣ ♣♣#..)# #......##.
#....#####♣♣ ### #.(.....#. #....
#.......#. #.... #.......). #....
###......[). #.. ........#.#. #..
##<......... ##.()##...#


You could see Crazy Yiuf.

Vanquished Creatures
  3 adders (D:2)
  2 oozes (D:1)
  3 giant geckos
  A bat (D:1)
  A giant cockroach (D:2)
  13 goblins
  5 hobgoblins (D:1)
  3 jackals (D:1)
  7 kobolds
  2 quokkas (D:2)
  A ball python (D:1)
  4 giant newts
  8 rats
53 creatures vanquished.

Notes
Turn   | Place    | Note
--------------------------------------------------------------
     0 | Abyss:1  | Gargoyl the Demonspawn Abyssal Knight began the quest for the Orb.
     0 | Abyss:1  | Reached XP level 1. HP: 18/18 MP: 2/2
   102 | Abyss:2  | Noticed an efreet
   104 | D:1      | Escaped the Abyss
   149 | D:1      | Reached skill level 1 in Dodging
   311 | D:1      | Gained mutation: You have sharp toenails. [demonic ancestry]
   311 | D:1      | Reached XP level 2. HP: 14/24 MP: 3/3
   432 | D:1      | Reached * piety under Lugonu
   812 | D:1      | Reached XP level 3. HP: 23/29 MP: 4/4
  2094 | D:2      | Reached ** piety under Lugonu
  2095 | D:2      | Reached XP level 4. HP: 35/35 MP: 5/5
  2115 | D:2      | Gained mutation: You are resistant to electric shocks. [potion of beneficial mutation]
  2546 | D:2      | Noticed Crazy Yiuf
  2554 | D:2      | Slain by Crazy Yiuf

Skill      XL: |  1  2  3 |
---------------+----------+-----
Dodging        | 1 |  1.7
Armour         | 2 3 |  3.3
Axes           | 2 |  2.3
Fighting       | |  3.2
Invocations    | |  2.6

Action                   |  1- 3 |  4- 6 || total
-------------------------+-------+-------++-------
Melee: Hand axe          |   155 |    54 ||   209
       Kick              |    24 |    14 ||    38
Invok: Depart the Abyss  |     1 |       ||     1
  Use: Potion            |     2 |     2 ||     4
  Eat: Chunk             |     3 |     3 ||     6
Armor: Scale mail        |    68 |       ||    68
       Plate armour      |    24 |    77 ||   101
Dodge: Dodged            |    87 |    17 ||   104
